ARIZONA vs MINNESOTA

Created - Thursday, November 09, 2017 at 15:35

Goals
1 2 3 T
ARIZONA 0 1 0 1
MINNESOTA 2 2 0 4
Shots
1 2 3 T
ARIZONA 11 8 7 26
MINNESOTA 6 14 14 34

1st period

1. MINNESOTA , Jakub Voracek 4 (Joel Ward 4, Michal Rozsival 1) at 9:49
2. MINNESOTA , Niklas Hjalmarsson 2 (Francois Beauchemin 3, Nikita Kucherov 9) at 19:17 (PP)

Penalties :
Erik Karlsson (MIN) for Hooking (Minor) at 2:51, Oliver Ekman-Larsson (MIN) for Cross-checking (Minor) at 11:58, Gabriel Landeskog (ARI) for Hooking (Minor) at 17:19, Nikita Kucherov (MIN) for Holding (Minor) at 19:53

2nd period

3. ARIZONA , Mikhail Grigorenko 1 (Brandon Manning 3, Mikael Backlund 4) at 1:59
4. MINNESOTA , Jeff Carter 2 (Niklas Hjalmarsson 10, Wayne Simmonds 3) at 2:37
5. MINNESOTA , Anze Kopitar 8 (Phil Kessel 11, Kevin Connauton 2) at 6:19

Penalties :
Adam Larsson (ARI) for Holding (Minor) at 11:35, Nicklas Grossmann (ARI) for Roughing (Minor) at 14:01

3rd period

No Goal

Penalties :
Gabriel Landeskog (ARI) for Hooking (Minor) at 4:58, Ian Cole (ARI) for Interference (Minor) at 16:09

Goalie Stats

Pekka Rinne (ARI), 30 saves from 34 shots - (0.882), L, 5-6-1, 60:00 minutes
Andrei Vasilevskiy (MIN), 25 saves from 26 shots - (0.962), W, 9-3-0, 60:00 minutes

Players Stats for ARIZONA

Player Name              G  A  P  +/- PIM S  H  SB GA TA FO     MP     PP MP  PK MP  
------------------------------------------------------------------------------------
Adam Larsson             0  0  0  -1  2   2  7  1  0  0  0/0    24:38   3:32   4:02 
Alexander Burmistrov     0  0  0   0  0   1  3  0  0  0  1/2     9:55   0:00   0:00 
Brandon Manning          0  1  1   0  0   0  1  0  0  0  0/0    13:18   0:00   1:28 
Bryan Rust               0  0  0   0  0   1  1  1  0  0  0/1    12:47   2:25   0:27 
Gabriel Landeskog        0  0  0  -1  4   2  4  0  0  0  0/0    17:31   3:32   1:24 
Ian Cole                 0  0  0  -1  2   1  2  1  0  0  0/0    21:41   2:25   4:03 
Justin Williams          0  0  0  -1  0   3  1  0  0  0  0/2    19:33   3:32   0:00 
Loui Eriksson            0  0  0   0  0   3  0  0  0  0  1/1     5:36   0:00   0:00 
Mikael Backlund          0  1  1  -1  0   1  2  0  0  0  15/26  19:46   3:32   0:13 
Mikhail Grigorenko       1  0  1   0  0   1  0  0  0  0  0/0     5:36   0:00   0:00 
Nicklas Grossmann        0  0  0   0  2   0  0  0  0  0  0/0    11:58   0:00   0:09 
P.K. Subban              0  0  0  -1  0   2  1  1  0  0  0/0    26:01   3:32   5:24 
Radek Faksa              0  0  0   0  0   0  2  0  0  0  3/10    7:56   0:00   2:20 
Reilly Smith             0  0  0  -1  0   3  0  0  0  0  0/0    19:13   0:00   6:36 
Ron Hainsey              0  0  0  -1  0   0  1  2  0  0  0/0    22:21   2:25   4:42 
Sean Couturier           0  0  0   0  0   4  0  0  0  0  15/26  16:44   0:00   6:49 
Tomas Plekanec           0  0  0  -1  0   2  0  1  0  0  17/24  17:01   2:25   1:59 
William Nylander         0  0  0  -1  0   0  0  0  0  0  0/1    18:26   2:25   0:00 

Players Stats for MINNESOTA

Player Name              G  A  P  +/- PIM S  H  SB GA TA FO     MP     PP MP  PK MP  
------------------------------------------------------------------------------------
Anze Kopitar             1  0  1   1  0   2  1  0  0  0  18/42  25:02   5:38   4:18 
Artemi Panarin           0  0  0   1  0   3  0  0  0  0  1/2    18:17   4:16   0:00 
Erik Karlsson            0  0  0   0  2   3  2  1  0  0  0/0    25:54   5:42   2:38 
Francois Beauchemin      0  1  1   1  0   0  2  2  0  0  0/0    21:25   4:12   2:31 
Jakub Voracek            1  0  1   1  0   5  1  0  0  0  0/1    12:05   0:00   0:29 
Jeff Carter              1  0  1   1  0   4  0  1  0  0  13/27  19:56   4:16   1:39 
Joel Ward                0  1  1   1  0   0  2  0  0  0  1/1    12:53   0:00   1:17 
Johan Larsson            0  0  0  -1  0   1  0  0  0  0  0/2     3:26   0:00   0:00 
Kevin Connauton          0  1  1   1  0   0  2  0  0  0  0/0    13:33   0:00   1:41 
Mason Raymond            0  0  0  -1  0   1  0  0  0  0  0/0     3:26   0:00   0:00 
Michal Rozsival          0  1  1   1  0   0  2  1  0  0  0/0    11:52   0:00   0:00 
Nikita Kucherov          0  1  1   1  2   1  1  0  0  0  1/1    23:15   5:38   2:32 
Niklas Hjalmarsson       1  1  2   1  0   4  1  0  0  0  0/0    21:37   4:12   2:43 
Oliver Ekman-Larsson     0  0  0   0  2   1  2  1  0  0  0/0    25:37   5:42   2:21 
Phil Kessel              0  1  1   1  0   2  0  0  0  0  1/1    22:23   5:38   1:39 
Steve Ott                0  0  0  -1  0   0  0  0  0  0  2/4     3:26   0:00   0:00 
Teuvo Teravainen         0  0  0   1  0   2  0  0  0  0  4/12   11:36   0:00   0:00 
Wayne Simmonds           0  1  1   1  0   5  6  0  0  0  0/0    18:17   4:16   0:00 

3 Stars

1 - Niklas Hjalmarsson (MIN)
2 - Wayne Simmonds (MIN)
3 - Anze Kopitar (MIN)

Power Play

ARIZONA - 0 on 3 Attempt(s) - 0.00%
MINNESOTA - 1 on 5 Attempt(s) - 20.00%

Penalty Kill

ARIZONA - 4 on 5 Attempt(s) - 80.00% - Score 0 goal in Penalty Kill
MINNESOTA - 3 on 3 Attempt(s) - 100.00% - Score 0 goal in Penalty Kill

Team Stat

ARIZONA - Hits : 25 - Faceoff Wins : 52 - Blocked Shots : 7 - Penalty Minutes : 10
MINNESOTA - Hits : 22 - Faceoff Wins : 41 - Blocked Shots : 6 - Penalty Minutes : 6

Official

Referees : Unknown
Linesman : Unknown

Game Notes

No Game Note

Finance

Level 1 -- Attendance: 4626 (77.10%) -- Ticket Income $462,600
Level 2 -- Attendance: 3622 (72.44%) -- Ticket Income $217,320
Level 3 -- Attendance: 2000 (100.00%) -- Ticket Income $70,000
Level 4 -- Attendance: 3870 (96.75%) -- Ticket Income $77,400
Luxury Box -- Attendance: 730 (73.00%) -- Ticket Income $146,000
Game was played at the Xcel Energy Center.
Total Attendance: 14848 (82.49%)
Total Ticket Income: $973,320
Total Income: $973,320

ARIZONA

5 vs 5 Forward 
   Center                   Left Wing                Right Wing               Time % Phy DF OF 
 1 Mikael Backlund          William Nylander         Justin Williams          35     1   2  2  
 2 Tomas Plekanec           Gabriel Landeskog        Reilly Smith             30     1   2  2  
 3 Sean Couturier           Alexander Burmistrov     Bryan Rust               25     1   2  2  
 4 Radek Faksa              Mikhail Grigorenko       Loui Eriksson            10     1   2  2  

5 vs 5 Defense 
   Defense                  Defense                                           Time % Phy DF OF 
 1 P.K. Subban              Adam Larsson                                      35     1   2  2  
 2 Ian Cole                 Ron Hainsey                                       33     1   2  2  
 3 Brandon Manning          Nicklas Grossmann                                 22     1   2  2  
 4 P.K. Subban              Adam Larsson                                      10     1   2  2  

PowerPlay Forward 
   Center                   Left Wing                Right Wing               Time % Phy DF OF 
 1 Mikael Backlund          Gabriel Landeskog        Justin Williams          60     1   2  2  
 2 Tomas Plekanec           William Nylander         Bryan Rust               40     1   2  2  

PowerPlay Defense
   Defense                  Defense                                           Time % Phy DF OF 
 1 P.K. Subban              Adam Larsson                                      60     1   2  2  
 2 Ian Cole                 Ron Hainsey                                       40     1   2  2  

Penalty Kill 4 Players Forward 
   Center                   Wing                     Time % Phy DF OF 
 1 Sean Couturier           Reilly Smith             65     1   2  2  
 2 Tomas Plekanec           Gabriel Landeskog        35     1   2  2  

Penalty Kill 4 Players Defense
   Defense                  Defense                  Time % Phy DF OF 
 1 P.K. Subban              Adam Larsson             55     1   2  2  
 2 Ian Cole                 Ron Hainsey              45     1   2  2  

Penalty Kill - 3 Players Forward 
   Forward                                           Time % Phy DF OF 
 1 Sean Couturier                                    60     1   2  2  
 2 Mikael Backlund                                   40     1   2  2  

Penalty Kill - 3 Players Defense
   Defense                  Defense                  Time % Phy DF OF 
 1 P.K. Subban              Adam Larsson             60     1   2  2  
 2 Ian Cole                 Ron Hainsey              40     1   2  2  

4 vs 4 Forward 
   Center                   Wing                     Time % Phy DF OF 
 1 Tomas Plekanec           William Nylander         60     1   2  2  
 2 Mikael Backlund          Justin Williams          40     1   2  2  

4 vs 4 Defense
   Defense                  Defense                  Time % Phy DF OF 
 1 Ian Cole                 Ron Hainsey              60     1   2  2  
 2 P.K. Subban              Adam Larsson             40     1   2  2  

Last Minutes Offensive
   Center                   Left Wing                Right Wing               Defense                  Defense                  
   Mikael Backlund          Gabriel Landeskog        Justin Williams          P.K. Subban              Adam Larsson             

Last Minutes Defensive
   Center                   Left Wing                Right Wing               Defense                  Defense                  
   Mikael Backlund          Gabriel Landeskog        Reilly Smith             P.K. Subban              Adam Larsson             

Goaltenders
Starting : Pekka Rinne              
Backup : Curtis McElhinney        

Extra Forwards
Normal : Radek Faksa, Sean Couturier, Alexander Burmistrov - PP : William Nylander, Bryan Rust - PK : Radek Faksa
Extra Defensemen
Normal : Brandon Manning, Nicklas Grossmann, Ian Cole - PP : Brandon Manning - PK : Ian Cole, Brandon Manning
Penalty Shots
Gabriel Landeskog, Mikael Backlund, Tomas Plekanec, Justin Williams, Sean Couturier

Scratches
Tom Pyatt (Healthy), John-Michael Liles (Healthy), ARI CAP HIT (Suspend), Carl Gunnarsson (Healthy), Mark Alt (Healthy)

MINNESOTA

5 vs 5 Forward 
   Center                   Left Wing                Right Wing               Time % Phy DF OF 
 1 Anze Kopitar             Phil Kessel              Nikita Kucherov          35     1   2  2  
 2 Jeff Carter              Artemi Panarin           Wayne Simmonds           30     1   2  2  
 3 Teuvo Teravainen         Jakub Voracek            Joel Ward                25     1   2  2  
 4 Steve Ott                Johan Larsson            Mason Raymond            10     1   2  2  

5 vs 5 Defense 
   Defense                  Defense                                           Time % Phy DF OF 
 1 Erik Karlsson            Oliver Ekman-Larsson                              35     1   2  2  
 2 Niklas Hjalmarsson       Francois Beauchemin                               30     1   2  2  
 3 Michal Rozsival          Kevin Connauton                                   25     1   2  2  
 4 Erik Karlsson            Oliver Ekman-Larsson                              10     1   2  2  

PowerPlay Forward 
   Center                   Left Wing                Right Wing               Time % Phy DF OF 
 1 Anze Kopitar             Phil Kessel              Nikita Kucherov          60     1   2  2  
 2 Jeff Carter              Artemi Panarin           Wayne Simmonds           40     1   2  2  

PowerPlay Defense
   Defense                  Defense                                           Time % Phy DF OF 
 1 Erik Karlsson            Oliver Ekman-Larsson                              60     1   2  2  
 2 Niklas Hjalmarsson       Francois Beauchemin                               40     1   2  2  

Penalty Kill 4 Players Forward 
   Center                   Wing                     Time % Phy DF OF 
 1 Anze Kopitar             Nikita Kucherov          60     1   2  2  
 2 Jeff Carter              Phil Kessel              40     1   2  2  

Penalty Kill 4 Players Defense
   Defense                  Defense                  Time % Phy DF OF 
 1 Erik Karlsson            Oliver Ekman-Larsson     60     1   2  2  
 2 Niklas Hjalmarsson       Francois Beauchemin      40     1   2  2  

Penalty Kill - 3 Players Forward 
   Forward                                           Time % Phy DF OF 
 1 Anze Kopitar                                      60     1   2  2  
 2 Nikita Kucherov                                   40     1   2  2  

Penalty Kill - 3 Players Defense
   Defense                  Defense                  Time % Phy DF OF 
 1 Erik Karlsson            Oliver Ekman-Larsson     60     1   2  2  
 2 Niklas Hjalmarsson       Francois Beauchemin      40     1   2  2  

4 vs 4 Forward 
   Center                   Wing                     Time % Phy DF OF 
 1 Anze Kopitar             Nikita Kucherov          60     1   2  2  
 2 Jeff Carter              Phil Kessel              40     1   2  2  

4 vs 4 Defense
   Defense                  Defense                  Time % Phy DF OF 
 1 Erik Karlsson            Oliver Ekman-Larsson     60     1   2  2  
 2 Niklas Hjalmarsson       Francois Beauchemin      40     1   2  2  

Last Minutes Offensive
   Center                   Left Wing                Right Wing               Defense                  Defense                  
   Anze Kopitar             Phil Kessel              Nikita Kucherov          Erik Karlsson            Oliver Ekman-Larsson     

Last Minutes Defensive
   Center                   Left Wing                Right Wing               Defense                  Defense                  
   Anze Kopitar             Phil Kessel              Nikita Kucherov          Erik Karlsson            Oliver Ekman-Larsson     

Goaltenders
Starting : Andrei Vasilevskiy       
Backup : Cal Heeter               

Extra Forwards
Normal : Johan Larsson, Jakub Voracek, Joel Ward - PP : Johan Larsson, Jakub Voracek - PK : Joel Ward
Extra Defensemen
Normal : Michal Rozsival, Kevin Connauton, Niklas Hjalmarsson - PP : Michal Rozsival - PK : Kevin Connauton, Niklas Hjalmarsson
Penalty Shots
Anze Kopitar, Nikita Kucherov, Jeff Carter, Phil Kessel, Artemi Panarin

Scratches
Marek Hrivik (Healthy), Jean-Francois Berube (Healthy)

% Time on Ice - ARIZONA

Lines # - Real PCT - Wanted PCT - Time Play
Normal Forward
1 - 36% - 35% - 16:01
2 - 29% - 30% - 12:37
3 - 22% - 25% - 9:55
4 - 13% - 10% - 5:36
Normal Defense
1 - 36% - 35% - 16:04
2 - 35% - 33% - 15:14
3 - 27% - 22% - 11:50
4 - 2% - 10% - 1:01
PP Forward
1 - 59% - 60% - 3:32
2 - 41% - 40% - 2:25
PP Defense
1 - 59% - 60% - 3:32
2 - 41% - 40% - 2:25
PK Forward
1 - 80% - 65% - 7:55
2 - 20% - 35% - 1:59
PK Defense
1 - 54% - 55% - 5:19
2 - 46% - 45% - 4:35
PK3 Forward
1 - 0% - 60%
2 - 0% - 40%
PK3 Defense
1 - 0% - 60%
2 - 0% - 40%
44 Forward
1 - 0% - 60%
2 - 0% - 40%
44 Defense
1 - 0% - 60%
2 - 0% - 40%
Last Minute Offensive  - 0:00
Last Minute Defensive  - 0:00
Total
Forward - 60:00
Defense - 60:00

% Time on Ice - MINNESOTA

Lines # - Real PCT - Wanted PCT - Time Play
Normal Forward
1 - 34% - 35% - 15:06
2 - 32% - 30% - 14:01
3 - 26% - 25% - 11:36
4 - 8% - 10% - 3:26
Normal Defense
1 - 35% - 35% - 15:30
2 - 33% - 30% - 14:42
3 - 27% - 25% - 11:52
4 - 5% - 10% - 2:05
PP Forward
1 - 57% - 60% - 5:38
2 - 43% - 40% - 4:16
PP Defense
1 - 58% - 60% - 5:42
2 - 42% - 40% - 4:12
PK Forward
1 - 72% - 60% - 4:18
2 - 28% - 40% - 1:39
PK Defense
1 - 62% - 60% - 3:40
2 - 38% - 40% - 2:17
PK3 Forward
1 - 0% - 60%
2 - 0% - 40%
PK3 Defense
1 - 0% - 60%
2 - 0% - 40%
44 Forward
1 - 0% - 60%
2 - 0% - 40%
44 Defense
1 - 0% - 60%
2 - 0% - 40%
Last Minute Offensive  - 0:00
Last Minute Defensive  - 0:00
Total
Forward - 60:00
Defense - 60:00

Play by Play

1st period


0:01 of 1st period - Mikael Backlund wins face-off versus Anze Kopitar in neutral zone.
0:40 of 1st period - Adam Larsson is hit by Anze Kopitar and loses puck.
1:13 of 1st period - Icing by Tomas Plekanec.
1:14 of 1st period - Tomas Plekanec wins face-off versus Teuvo Teravainen in ARIZONA zone.
1:23 of 1st period - Shot by Reilly Smith.
1:23 of 1st period - Shot Misses the Net.
1:25 of 1st period - Shot by Reilly Smith.
1:25 of 1st period - Stopped by Andrei Vasilevskiy without a rebound.
1:26 of 1st period - Sean Couturier wins face-off versus Johan Larsson in MINNESOTA zone.
2:27 of 1st period - Shot by Joel Ward.
2:27 of 1st period - Deflect By Jakub Voracek.
2:27 of 1st period - Stopped by Pekka Rinne without a rebound.
2:28 of 1st period - Tomas Plekanec wins face-off versus Jeff Carter in ARIZONA zone.
2:28 of 1st period - Gabriel Landeskog is hit by Wayne Simmonds and loses puck.
2:39 of 1st period - Ron Hainsey is hit by Wayne Simmonds and loses puck.
2:51 of 1st period - Minor Penalty to Erik Karlsson for Hooking.
2:52 of 1st period - Anze Kopitar wins face-off versus Mikael Backlund in MINNESOTA zone.
2:52 of 1st period - Anze Kopitar is hit by Gabriel Landeskog.
3:57 of 1st period - Phil Kessel is hit by Adam Larsson.
4:09 of 1st period - Icing by Adam Larsson.
4:10 of 1st period - Mikael Backlund wins face-off versus Anze Kopitar in ARIZONA zone.
4:17 of 1st period - Icing by Justin Williams.
4:18 of 1st period - Mikael Backlund wins face-off versus Anze Kopitar in ARIZONA zone.
4:51 of 1st period - Shot by Tomas Plekanec.
4:51 of 1st period - Stopped by Andrei Vasilevskiy without a rebound.
4:52 of 1st period - Radek Faksa wins face-off versus Jakub Voracek in MINNESOTA zone.
5:33 of 1st period - Radek Faksa is hit by Jakub Voracek.
5:58 of 1st period - Shot by Sean Couturier.
5:58 of 1st period - Stopped by Andrei Vasilevskiy without a rebound.
5:59 of 1st period - Alexander Burmistrov wins face-off versus Jeff Carter in MINNESOTA zone.
5:59 of 1st period - Alexander Burmistrov is hit by Francois Beauchemin.
6:21 of 1st period - Shot by Bryan Rust.
6:21 of 1st period - Stopped by Andrei Vasilevskiy without a rebound.
6:22 of 1st period - Tomas Plekanec wins face-off versus Anze Kopitar in MINNESOTA zone.
6:37 of 1st period - Anze Kopitar is hit by Gabriel Landeskog and loses puck.
6:42 of 1st period - Shot by P.K. Subban.
6:42 of 1st period - Shot Misses the Net.
6:44 of 1st period - Shot by Gabriel Landeskog.
6:44 of 1st period - Shot Misses the Net.
6:46 of 1st period - Shot by Adam Larsson.
6:46 of 1st period - Shot Blocked by Michal Rozsival.
6:48 of 1st period - Shot by Adam Larsson.
6:48 of 1st period - Stopped by Andrei Vasilevskiy without a rebound.
6:49 of 1st period - Mikael Backlund wins face-off versus Jeff Carter in MINNESOTA zone.
9:17 of 1st period - Joel Ward is hit by Adam Larsson and loses puck.
9:47 of 1st period - Shot by Jakub Voracek.
9:47 of 1st period - Stopped by Pekka Rinne with a rebound.
9:49 of 1st period - Shot by Jakub Voracek.
9:49 of 1st period - Goal by Jakub Voracek - ARIZONA : 0 - MINNESOTA : 1.
9:50 of 1st period - Steve Ott wins face-off versus Mikael Backlund in neutral zone.
10:25 of 1st period - Off-side.
10:26 of 1st period - Sean Couturier wins face-off versus Anze Kopitar in neutral zone.
10:44 of 1st period - Phil Kessel is hit by Brandon Manning.
10:49 of 1st period - Icing by Nicklas Grossmann.
10:50 of 1st period - Sean Couturier wins face-off versus Jeff Carter in ARIZONA zone.
10:50 of 1st period - Sean Couturier is hit by Wayne Simmonds.
11:46 of 1st period - Shot by Ian Cole.
11:46 of 1st period - Stopped by Andrei Vasilevskiy without a rebound.
11:47 of 1st period - Anze Kopitar wins face-off versus Radek Faksa in MINNESOTA zone.
11:57 of 1st period - Loui Eriksson is hit by Erik Karlsson and loses puck.
11:58 of 1st period - Minor Penalty to Oliver Ekman-Larsson for Cross-checking.
11:59 of 1st period - Anze Kopitar wins face-off versus Mikael Backlund in MINNESOTA zone.
12:19 of 1st period - Shot by Gabriel Landeskog.
12:19 of 1st period - Shot Misses the Net.
12:53 of 1st period - Shot by Ian Cole.
12:53 of 1st period - Shot Blocked by Francois Beauchemin.
13:02 of 1st period - Off-side.
13:03 of 1st period - Tomas Plekanec wins face-off versus Anze Kopitar in neutral zone.
13:26 of 1st period - Icing by William Nylander.
13:27 of 1st period - Tomas Plekanec wins face-off versus Anze Kopitar in ARIZONA zone.
14:05 of 1st period - Icing by Teuvo Teravainen.
14:06 of 1st period - Teuvo Teravainen wins face-off versus Radek Faksa in MINNESOTA zone.
15:14 of 1st period - Jeff Carter is hit by Justin Williams and loses puck.
15:36 of 1st period - Shot by Jeff Carter.
15:36 of 1st period - Stopped by Pekka Rinne without a rebound.
15:37 of 1st period - Anze Kopitar wins face-off versus Sean Couturier in ARIZONA zone.
15:59 of 1st period - Shot by Sean Couturier.
15:59 of 1st period - Stopped by Andrei Vasilevskiy with a rebound.
16:01 of 1st period - Shot by Sean Couturier.
16:01 of 1st period - Shot Misses the Net.
16:03 of 1st period - Shot by Sean Couturier.
16:03 of 1st period - Stopped by Andrei Vasilevskiy without a rebound.
16:04 of 1st period - Mikael Backlund wins face-off versus Teuvo Teravainen in MINNESOTA zone.
16:16 of 1st period - Mikael Backlund is hit by Oliver Ekman-Larsson.
17:09 of 1st period - Icing by Phil Kessel.
17:10 of 1st period - Tomas Plekanec wins face-off versus Anze Kopitar in MINNESOTA zone.
17:13 of 1st period - Shot by Gabriel Landeskog.
17:13 of 1st period - Stopped by Andrei Vasilevskiy without a rebound.
17:14 of 1st period - Tomas Plekanec wins face-off versus Anze Kopitar in MINNESOTA zone.
17:14 of 1st period - Tomas Plekanec is hit by Michal Rozsival.
17:19 of 1st period - Minor Penalty to Gabriel Landeskog for Hooking.
17:20 of 1st period - Anze Kopitar wins face-off versus Sean Couturier in ARIZONA zone.
17:44 of 1st period - Shot by Anze Kopitar.
17:44 of 1st period - Stopped by Pekka Rinne without a rebound.
17:45 of 1st period - Sean Couturier wins face-off versus Jeff Carter in ARIZONA zone.
17:45 of 1st period - Sean Couturier is hit by Wayne Simmonds.
17:54 of 1st period - Oliver Ekman-Larsson is hit by P.K. Subban and loses puck.
18:01 of 1st period - Shot by Jeff Carter.
18:01 of 1st period - Shot Misses the Net.
19:07 of 1st period - Shot by Phil Kessel.
19:07 of 1st period - Shot Blocked by Tomas Plekanec.
19:09 of 1st period - Shot by Nikita Kucherov.
19:09 of 1st period - Shot Misses the Net.
19:11 of 1st period - Shot by Nikita Kucherov.
19:11 of 1st period - Shot Misses the Net.
19:13 of 1st period - Shot by Francois Beauchemin.
19:13 of 1st period - Shot Blocked by Adam Larsson.
19:15 of 1st period - Shot by Francois Beauchemin.
19:15 of 1st period - Shot Misses the Net.
19:17 of 1st period - Shot by Niklas Hjalmarsson.
19:17 of 1st period - Goal by Niklas Hjalmarsson - ARIZONA : 0 - MINNESOTA : 2.
19:18 of 1st period - Mikael Backlund wins face-off versus Teuvo Teravainen in neutral zone.
19:21 of 1st period - Shot by Justin Williams.
19:21 of 1st period - Shot Misses the Net.
19:39 of 1st period - Shot by Justin Williams.
19:39 of 1st period - Stopped by Andrei Vasilevskiy without a rebound.
19:40 of 1st period - Radek Faksa wins face-off versus Johan Larsson in MINNESOTA zone.
19:40 of 1st period - Radek Faksa is hit by Oliver Ekman-Larsson.
19:46 of 1st period - Shot by Loui Eriksson.
19:46 of 1st period - Shot Misses the Net.
19:48 of 1st period - Shot by Loui Eriksson.
19:48 of 1st period - Stopped by Andrei Vasilevskiy without a rebound.
19:49 of 1st period - Mikael Backlund wins face-off versus Anze Kopitar in MINNESOTA zone.
19:53 of 1st period - Minor Penalty to Nikita Kucherov for Holding.
19:54 of 1st period - Anze Kopitar wins face-off versus Justin Williams in MINNESOTA zone.
Goals for this period are 0 for ARIZONA vs 2 for MINNESOTA.
Shots for this period are 11 for ARIZONA vs 6 for MINNESOTA.

2nd period


0:01 of 2nd period - Anze Kopitar wins face-off versus Mikael Backlund in neutral zone.
0:15 of 2nd period - Icing by Adam Larsson.
0:16 of 2nd period - Mikael Backlund wins face-off versus Anze Kopitar in ARIZONA zone.
0:25 of 2nd period - Shot by Justin Williams.
0:25 of 2nd period - Stopped by Andrei Vasilevskiy without a rebound.
0:26 of 2nd period - Tomas Plekanec wins face-off versus Anze Kopitar in MINNESOTA zone.
0:46 of 2nd period - Icing by Tomas Plekanec.
0:47 of 2nd period - Anze Kopitar wins face-off versus Tomas Plekanec in ARIZONA zone.
1:14 of 2nd period - Oliver Ekman-Larsson is hit by Bryan Rust.
1:59 of 2nd period - Shot by Mikhail Grigorenko.
1:59 of 2nd period - Goal by Mikhail Grigorenko - ARIZONA : 1 - MINNESOTA : 2.
2:00 of 2nd period - Jeff Carter wins face-off versus Radek Faksa in neutral zone.
2:37 of 2nd period - Shot by Jeff Carter.
2:37 of 2nd period - Goal by Jeff Carter - ARIZONA : 1 - MINNESOTA : 3.
2:38 of 2nd period - Teuvo Teravainen wins face-off versus Tomas Plekanec in neutral zone.
3:24 of 2nd period - Adam Larsson is hit by Erik Karlsson and loses puck.
4:14 of 2nd period - Icing by Kevin Connauton.
4:15 of 2nd period - Sean Couturier wins face-off versus Anze Kopitar in MINNESOTA zone.
4:46 of 2nd period - Shot by Artemi Panarin.
4:46 of 2nd period - Shot Misses the Net.
4:48 of 2nd period - Shot by Niklas Hjalmarsson.
4:48 of 2nd period - Shot Misses the Net.
5:15 of 2nd period - Shot by Wayne Simmonds.
5:15 of 2nd period - Stopped by Pekka Rinne without a rebound.
5:16 of 2nd period - Mikael Backlund wins face-off versus Teuvo Teravainen in ARIZONA zone.
5:28 of 2nd period - Teuvo Teravainen is hit by Ian Cole.
5:50 of 2nd period - Mikael Backlund is hit by Joel Ward and loses puck.
6:03 of 2nd period - Shot by Erik Karlsson.
6:03 of 2nd period - Shot Blocked by Ron Hainsey.
6:17 of 2nd period - Shot by Phil Kessel.
6:17 of 2nd period - Shot Blocked by Ian Cole.
6:19 of 2nd period - Shot by Anze Kopitar.
6:19 of 2nd period - Goal by Anze Kopitar - ARIZONA : 1 - MINNESOTA : 4.
6:20 of 2nd period - Tomas Plekanec wins face-off versus Jeff Carter in neutral zone.
6:27 of 2nd period - Shot by Gabriel Landeskog.
6:27 of 2nd period - Shot Misses the Net.
6:29 of 2nd period - Shot by Gabriel Landeskog.
6:29 of 2nd period - Stopped by Andrei Vasilevskiy without a rebound.
6:30 of 2nd period - Anze Kopitar wins face-off versus Tomas Plekanec in MINNESOTA zone.
6:44 of 2nd period - Shot by Anze Kopitar.
6:44 of 2nd period - Shot Misses the Net.
6:46 of 2nd period - Shot by Niklas Hjalmarsson.
6:46 of 2nd period - Stopped by Pekka Rinne with a rebound.
6:48 of 2nd period - Shot by Francois Beauchemin.
6:48 of 2nd period - Shot Misses the Net.
6:50 of 2nd period - Shot by Francois Beauchemin.
6:50 of 2nd period - Shot Misses the Net.
8:14 of 2nd period - Ron Hainsey is hit by Wayne Simmonds and loses puck.
8:45 of 2nd period - Shot by Justin Williams.
8:45 of 2nd period - Stopped by Andrei Vasilevskiy without a rebound.
8:46 of 2nd period - Loui Eriksson wins face-off versus Teuvo Teravainen in MINNESOTA zone.
9:05 of 2nd period - Shot by Teuvo Teravainen.
9:05 of 2nd period - Stopped by Pekka Rinne with a rebound.
9:13 of 2nd period - Shot by Niklas Hjalmarsson.
9:13 of 2nd period - Stopped by Pekka Rinne without a rebound.
9:14 of 2nd period - Tomas Plekanec wins face-off versus Anze Kopitar in ARIZONA zone.
9:14 of 2nd period - Tomas Plekanec is hit by Nikita Kucherov.
9:21 of 2nd period - Shot by Gabriel Landeskog.
9:21 of 2nd period - Shot Misses the Net.
9:34 of 2nd period - Tomas Plekanec is hit by Kevin Connauton and loses puck.
9:39 of 2nd period - Shot by Gabriel Landeskog.
9:39 of 2nd period - Deflect By Tomas Plekanec.
9:39 of 2nd period - Shot Misses the Net.
9:41 of 2nd period - Shot by Tomas Plekanec.
9:41 of 2nd period - Shot Misses the Net.
9:43 of 2nd period - Shot by Reilly Smith.
9:43 of 2nd period - Stopped by Andrei Vasilevskiy without a rebound.
9:44 of 2nd period - Mikael Backlund wins face-off versus Jeff Carter in MINNESOTA zone.
10:03 of 2nd period - Icing by Oliver Ekman-Larsson.
10:04 of 2nd period - Jeff Carter wins face-off versus Sean Couturier in MINNESOTA zone.
11:35 of 2nd period - Minor Penalty to Adam Larsson for Holding.
11:36 of 2nd period - Sean Couturier wins face-off versus Jeff Carter in ARIZONA zone.
11:51 of 2nd period - Shot by Wayne Simmonds.
11:51 of 2nd period - Stopped by Pekka Rinne without a rebound.
11:52 of 2nd period - Anze Kopitar wins face-off versus Radek Faksa in ARIZONA zone.
12:52 of 2nd period - Shot by Wayne Simmonds.
12:52 of 2nd period - Stopped by Pekka Rinne without a rebound.
12:53 of 2nd period - Sean Couturier wins face-off versus Jeff Carter in ARIZONA zone.
13:22 of 2nd period - Shot by Jeff Carter.
13:22 of 2nd period - Stopped by Pekka Rinne without a rebound.
13:23 of 2nd period - Tomas Plekanec wins face-off versus Anze Kopitar in ARIZONA zone.
14:01 of 2nd period - Minor Penalty to Nicklas Grossmann for Roughing.
14:02 of 2nd period - Sean Couturier wins face-off versus Anze Kopitar in ARIZONA zone.
14:13 of 2nd period - Shot by Oliver Ekman-Larsson.
14:13 of 2nd period - Stopped by Pekka Rinne without a rebound.
14:14 of 2nd period - Nikita Kucherov wins face-off versus Sean Couturier in ARIZONA zone.
14:37 of 2nd period - Shot by Nikita Kucherov.
14:37 of 2nd period - Stopped by Pekka Rinne without a rebound.
14:38 of 2nd period - Jeff Carter wins face-off versus Bryan Rust in ARIZONA zone.
15:41 of 2nd period - Shot by Tomas Plekanec.
15:41 of 2nd period - Stopped by Andrei Vasilevskiy with a rebound.
16:01 of 2nd period - Shot by Erik Karlsson.
16:01 of 2nd period - Stopped by Pekka Rinne with a rebound.
16:55 of 2nd period - Off-side.
16:56 of 2nd period - Radek Faksa wins face-off versus Anze Kopitar in neutral zone.
16:59 of 2nd period - Shot by Loui Eriksson.
16:59 of 2nd period - Stopped by Andrei Vasilevskiy without a rebound.
17:00 of 2nd period - Anze Kopitar wins face-off versus Radek Faksa in MINNESOTA zone.
17:00 of 2nd period - Anze Kopitar is hit by Radek Faksa.
17:18 of 2nd period - Shot by Oliver Ekman-Larsson.
17:18 of 2nd period - Deflect By Anze Kopitar.
17:18 of 2nd period - Shot Misses the Net.
17:20 of 2nd period - Shot by Phil Kessel.
17:20 of 2nd period - Shot Misses the Net.
17:22 of 2nd period - Shot by Erik Karlsson.
17:22 of 2nd period - Stopped by Pekka Rinne without a rebound.
17:23 of 2nd period - Jeff Carter wins face-off versus Tomas Plekanec in ARIZONA zone.
17:23 of 2nd period - Jeff Carter is hit by Ron Hainsey.
17:47 of 2nd period - Gabriel Landeskog is hit by Wayne Simmonds and loses puck.
17:54 of 2nd period - Niklas Hjalmarsson is hit by Gabriel Landeskog and loses puck.
18:39 of 2nd period - Off-side.
18:40 of 2nd period - Joel Ward wins face-off versus Sean Couturier in neutral zone.
18:45 of 2nd period - Shot by Jakub Voracek.
18:45 of 2nd period - Stopped by Pekka Rinne without a rebound.
18:46 of 2nd period - Anze Kopitar wins face-off versus Mikael Backlund in ARIZONA zone.
18:49 of 2nd period - Shot by Nikita Kucherov.
18:49 of 2nd period - Shot Misses the Net.
19:08 of 2nd period - Shot by Mikael Backlund.
19:08 of 2nd period - Shot Misses the Net.
19:10 of 2nd period - Shot by Adam Larsson.
19:10 of 2nd period - Stopped by Andrei Vasilevskiy with a rebound.
19:12 of 2nd period - Shot by Justin Williams.
19:12 of 2nd period - Shot Blocked by Oliver Ekman-Larsson.
19:14 of 2nd period - Shot by Adam Larsson.
19:14 of 2nd period - Shot Blocked by Erik Karlsson.
19:22 of 2nd period - Shot by Mikael Backlund.
19:22 of 2nd period - Shot Misses the Net.
Goals for this period are 1 for ARIZONA vs 2 for MINNESOTA.
Shots for this period are 8 for ARIZONA vs 14 for MINNESOTA.

3rd period


0:01 of 3rd period - Tomas Plekanec wins face-off versus Anze Kopitar in neutral zone.
1:05 of 3rd period - Tomas Plekanec is hit by Niklas Hjalmarsson and loses puck.
1:20 of 3rd period - Shot by Artemi Panarin.
1:20 of 3rd period - Shot Misses the Net.
1:25 of 3rd period - Off-side.
1:26 of 3rd period - Teuvo Teravainen wins face-off versus Sean Couturier in neutral zone.
1:31 of 3rd period - Sean Couturier is hit by Joel Ward and loses puck.
1:40 of 3rd period - Icing by Kevin Connauton.
1:41 of 3rd period - Teuvo Teravainen wins face-off versus Mikael Backlund in MINNESOTA zone.
1:48 of 3rd period - Shot by Jakub Voracek.
1:48 of 3rd period - Stopped by Pekka Rinne with a rebound.
2:11 of 3rd period - Shot by Teuvo Teravainen.
2:11 of 3rd period - Stopped by Pekka Rinne without a rebound.
2:12 of 3rd period - Sean Couturier wins face-off versus Anze Kopitar in ARIZONA zone.
2:23 of 3rd period - Shot by Alexander Burmistrov.
2:23 of 3rd period - Stopped by Andrei Vasilevskiy without a rebound.
2:24 of 3rd period - Tomas Plekanec wins face-off versus Jeff Carter in MINNESOTA zone.
2:34 of 3rd period - Shot by Jeff Carter.
2:34 of 3rd period - Deflect By Artemi Panarin.
2:34 of 3rd period - Stopped by Pekka Rinne without a rebound.
2:35 of 3rd period - Sean Couturier wins face-off versus Anze Kopitar in ARIZONA zone.
2:45 of 3rd period - Oliver Ekman-Larsson is hit by Alexander Burmistrov and loses puck.
3:03 of 3rd period - Anze Kopitar is hit by Adam Larsson.
3:17 of 3rd period - Shot by P.K. Subban.
3:17 of 3rd period - Stopped by Andrei Vasilevskiy without a rebound.
3:18 of 3rd period - Mikael Backlund wins face-off versus Jeff Carter in MINNESOTA zone.
3:19 of 3rd period - Shot by Justin Williams.
3:19 of 3rd period - Shot Misses the Net.
3:25 of 3rd period - Shot by Mikael Backlund.
3:25 of 3rd period - Stopped by Andrei Vasilevskiy without a rebound.
3:26 of 3rd period - Jeff Carter wins face-off versus Justin Williams in MINNESOTA zone.
3:26 of 3rd period - Jeff Carter is hit by Mikael Backlund.
3:45 of 3rd period - Icing by Francois Beauchemin.
3:46 of 3rd period - Tomas Plekanec wins face-off versus Jeff Carter in MINNESOTA zone.
3:46 of 3rd period - Reilly Smith is hit by Francois Beauchemin and loses puck.
4:05 of 3rd period - Shot by Jeff Carter.
4:05 of 3rd period - Stopped by Pekka Rinne without a rebound.
4:06 of 3rd period - Phil Kessel wins face-off versus Mikael Backlund in ARIZONA zone.
4:21 of 3rd period - Shot by Phil Kessel.
4:21 of 3rd period - Stopped by Pekka Rinne without a rebound.
4:22 of 3rd period - Tomas Plekanec wins face-off versus Teuvo Teravainen in ARIZONA zone.
4:42 of 3rd period - Jakub Voracek is hit by Adam Larsson and loses puck.
4:49 of 3rd period - Shot by Joel Ward.
4:49 of 3rd period - Deflect By Jakub Voracek.
4:49 of 3rd period - Shot Blocked by P.K. Subban.
4:58 of 3rd period - Minor Penalty to Gabriel Landeskog for Hooking.
4:59 of 3rd period - Sean Couturier wins face-off versus Anze Kopitar in ARIZONA zone.
5:12 of 3rd period - Shot by Erik Karlsson.
5:12 of 3rd period - Shot Blocked by Ron Hainsey.
5:25 of 3rd period - Icing by Anze Kopitar.
5:26 of 3rd period - Sean Couturier wins face-off versus Anze Kopitar in MINNESOTA zone.
5:52 of 3rd period - Erik Karlsson is hit by Radek Faksa and loses puck.
6:32 of 3rd period - Icing by Francois Beauchemin.
6:33 of 3rd period - Artemi Panarin wins face-off versus Mikael Backlund in MINNESOTA zone.
6:33 of 3rd period - Artemi Panarin is hit by Mikael Backlund.
6:43 of 3rd period - Shot by Jeff Carter.
6:43 of 3rd period - Shot Misses the Net.
6:45 of 3rd period - Shot by Artemi Panarin.
6:45 of 3rd period - Stopped by Pekka Rinne without a rebound.
6:46 of 3rd period - Jeff Carter wins face-off versus Radek Faksa in ARIZONA zone.
6:47 of 3rd period - Shot by Wayne Simmonds.
6:47 of 3rd period - Stopped by Pekka Rinne without a rebound.
6:48 of 3rd period - Jeff Carter wins face-off versus Sean Couturier in ARIZONA zone.
6:49 of 3rd period - Shot by Niklas Hjalmarsson.
6:49 of 3rd period - Stopped by Pekka Rinne without a rebound.
6:50 of 3rd period - Sean Couturier wins face-off versus Jeff Carter in ARIZONA zone.
7:04 of 3rd period - Icing by Michal Rozsival.
7:05 of 3rd period - Mikael Backlund wins face-off versus Steve Ott in MINNESOTA zone.
7:35 of 3rd period - Shot by Mason Raymond.
7:35 of 3rd period - Stopped by Pekka Rinne without a rebound.
7:36 of 3rd period - Anze Kopitar wins face-off versus Tomas Plekanec in ARIZONA zone.
7:44 of 3rd period - Nikita Kucherov is hit by Adam Larsson and loses puck.
8:11 of 3rd period - Phil Kessel is hit by Adam Larsson and loses puck.
8:17 of 3rd period - Icing by Reilly Smith.
8:18 of 3rd period - Jeff Carter wins face-off versus Tomas Plekanec in ARIZONA zone.
8:18 of 3rd period - Jeff Carter is hit by Adam Larsson.
9:36 of 3rd period - Shot by Jakub Voracek.
9:36 of 3rd period - Deflect By Teuvo Teravainen.
9:36 of 3rd period - Shot Misses the Net.
9:46 of 3rd period - Shot by Jakub Voracek.
9:46 of 3rd period - Shot Blocked by Bryan Rust.
10:51 of 3rd period - Icing by Brandon Manning.
10:52 of 3rd period - Jeff Carter wins face-off versus Mikael Backlund in ARIZONA zone.
11:00 of 3rd period - Icing by Nicklas Grossmann.
11:01 of 3rd period - Mikael Backlund wins face-off versus Jeff Carter in ARIZONA zone.
11:18 of 3rd period - Francois Beauchemin is hit by Gabriel Landeskog and loses puck.
11:31 of 3rd period - Shot by Wayne Simmonds.
11:31 of 3rd period - Stopped by Pekka Rinne without a rebound.
11:32 of 3rd period - Anze Kopitar wins face-off versus Radek Faksa in ARIZONA zone.
12:12 of 3rd period - Icing by Anze Kopitar.
12:13 of 3rd period - Anze Kopitar wins face-off versus Tomas Plekanec in MINNESOTA zone.
12:20 of 3rd period - Shot by Phil Kessel.
12:20 of 3rd period - Stopped by Pekka Rinne without a rebound.
12:21 of 3rd period - Jeff Carter wins face-off versus Mikael Backlund in ARIZONA zone.
12:21 of 3rd period - Wayne Simmonds is hit by Ian Cole.
12:23 of 3rd period - Shot by Artemi Panarin.
12:23 of 3rd period - Stopped by Pekka Rinne without a rebound.
12:24 of 3rd period - Jeff Carter wins face-off versus William Nylander in ARIZONA zone.
13:08 of 3rd period - Shot by Jeff Carter.
13:08 of 3rd period - Shot Misses the Net.
13:10 of 3rd period - Shot by Jeff Carter.
13:10 of 3rd period - Shot Misses the Net.
13:42 of 3rd period - Shot by P.K. Subban.
13:42 of 3rd period - Stopped by Andrei Vasilevskiy with a rebound.
13:50 of 3rd period - Shot by Reilly Smith.
13:50 of 3rd period - Stopped by Andrei Vasilevskiy without a rebound.
13:51 of 3rd period - Sean Couturier wins face-off versus Teuvo Teravainen in MINNESOTA zone.
14:04 of 3rd period - Shot by Sean Couturier.
14:04 of 3rd period - Stopped by Andrei Vasilevskiy without a rebound.
14:05 of 3rd period - Tomas Plekanec wins face-off versus Steve Ott in MINNESOTA zone.
14:15 of 3rd period - Icing by Erik Karlsson.
14:16 of 3rd period - Steve Ott wins face-off versus Alexander Burmistrov in MINNESOTA zone.
14:16 of 3rd period - Steve Ott is hit by Alexander Burmistrov.
14:40 of 3rd period - Shot by Steve Ott.
14:40 of 3rd period - Deflect By Johan Larsson.
14:40 of 3rd period - Stopped by Pekka Rinne without a rebound.
14:41 of 3rd period - Mikael Backlund wins face-off versus Anze Kopitar in ARIZONA zone.
14:53 of 3rd period - Off-side.
14:54 of 3rd period - Tomas Plekanec wins face-off versus Artemi Panarin in neutral zone.
15:01 of 3rd period - Shot by Tomas Plekanec.
15:01 of 3rd period - Shot Blocked by Jeff Carter.
15:03 of 3rd period - Shot by Reilly Smith.
15:03 of 3rd period - Shot Misses the Net.
15:05 of 3rd period - Shot by Adam Larsson.
15:05 of 3rd period - Shot Misses the Net.
15:07 of 3rd period - Shot by Reilly Smith.
15:07 of 3rd period - Deflect By Tomas Plekanec.
15:07 of 3rd period - Shot Blocked by Francois Beauchemin.
15:46 of 3rd period - Icing by Francois Beauchemin.
15:47 of 3rd period - Jeff Carter wins face-off versus Mikael Backlund in MINNESOTA zone.
16:09 of 3rd period - Minor Penalty to Ian Cole for Interference.
16:10 of 3rd period - Anze Kopitar wins face-off versus Sean Couturier in ARIZONA zone.
16:13 of 3rd period - Shot by Phil Kessel.
16:13 of 3rd period - Shot Misses the Net.
17:46 of 3rd period - Off-side.
17:47 of 3rd period - Anze Kopitar wins face-off versus Sean Couturier in neutral zone.
17:50 of 3rd period - Shot by Erik Karlsson.
17:50 of 3rd period - Stopped by Pekka Rinne without a rebound.
17:51 of 3rd period - Sean Couturier wins face-off versus Anze Kopitar in ARIZONA zone.
18:17 of 3rd period - Icing by Jakub Voracek.
18:18 of 3rd period - Mikael Backlund wins face-off versus Teuvo Teravainen in MINNESOTA zone.
18:22 of 3rd period - William Nylander is hit by Kevin Connauton and loses puck.
18:34 of 3rd period - William Nylander is hit by Michal Rozsival and loses puck.
19:22 of 3rd period - Shot by Loui Eriksson.
19:22 of 3rd period - Stopped by Andrei Vasilevskiy without a rebound.
19:23 of 3rd period - Anze Kopitar wins face-off versus Sean Couturier in MINNESOTA zone.
19:37 of 3rd period - Icing by Ian Cole.
19:38 of 3rd period - Jeff Carter wins face-off versus Sean Couturier in ARIZONA zone.
19:53 of 3rd period - Francois Beauchemin is hit by Alexander Burmistrov.
Goals for this period are 0 for ARIZONA vs 0 for MINNESOTA.
Shots for this period are 7 for ARIZONA vs 14 for MINNESOTA.